 Dungeon Crawl Stone Soup version 0.30-a0-358-g0d69a1922f (webtiles) character file.

Game seed: 11677873428494431422

2134 ragingrage the Covert (level 9, 0/41 (42) HPs)
             Began as a Vine Stalker Brigand on Nov 8, 2022.
             Slain by a wight
             ... wielding a +3 long sword
              (4 damage)
             ... on level 7 of the Dungeon.
             The game lasted 00:12:00 (6458 turns).

ragingrage the Covert (Vine Stalker Brigand)        Turns: 6458, Time: 00:12:01

HP:   0/41 (42)     AC:  8    Str: 13    XL:     9   Next: 30%
MP:   0/10          EV: 10    Int: 11    God:
Gold: 82            SH:  0    Dex: 21    Spells: 8/8 levels left

rFire   + . .      SeeInvis .    a - +2 dagger (venom)
rCold   . . .      Faith    .    (no shield)
rNeg    . . .      Spirit   +    y - +3 ring mail {rF+}
rPois   +          Reflect  .    (no helmet)
rElec   .          Harm     .    G - scarf {shadows}
rCorr   .          Rampage  .    (no gloves)
Will    +....                    (no boots)
Stlth   ++++......               u - amulet of regeneration
HPRegen 1.86/turn                f - ring of poison resistance
MPRegen 0.12/turn                (no ring)

@: about to teleport, lightly drained
A: fangs 3, regeneration 1, magic shield, antimagic bite, no potion heal 2
a: no special abilities


You were on level 7 of the Dungeon.
You visited 1 branch of the dungeon, and saw 7 of its levels.

You collected 275 gold pieces.
You spent 193 gold pieces at shops.

Inventory:

Hand Weapons
 a - a +2 dagger of venom (weapon)
 b - a +3 sling of freezing
 w - a +0 short sword
Missiles
 d - 15 poisoned darts (quivered)
 e - 3 curare-tipped darts
 m - a throwing net
Armour
 c - a +0 cloak
 y - a +3 ring mail of fire resistance (worn)
 G - a scarf of shadows (worn)
 H - a +0 troll leather armour
Jewellery
 f - a ring of poison resistance (left hand)
 u - an amulet of regeneration (around neck)
Scrolls
 g - 4 scrolls of blinking
 h - a scroll of identify
 i - 2 scrolls of teleportation
 l - 3 scrolls of fog
 v - a scroll of immolation
 z - 2 scrolls of fear
 B - a scroll of vulnerability
 F - a scroll of enchant weapon {unknown}
 J - a scroll of poison
 K - a scroll of noise {unknown}
Potions
 j - 3 potions of heal wounds
 k - a potion of invisibility {unknown}
 n - 4 potions of mutation
 o - 3 potions of might
 p - 3 potions of magic
 r - a potion of flight {unknown}
 s - a potion of brilliance {unknown}
 t - 4 potions of curing
 x - a potion of lignification {unknown}
 A - a potion of resistance {unknown}
 D - 2 potions of degeneration {unknown}
 I - a potion of haste {unknown}


   Skills:
 - Level 1.7 Fighting
 * Level 8.9 Short Blades
 - Level 3.4 Throwing
 - Level 0.7 Dodging
 + Level 9.9 Stealth


You had 8 spell levels left.
You didn't know any spells.
Your spell library contained the following spells:

 Spells                   Type           Power      Damage    Failure   Level
 Ignite Poison            Fire/Tmut/Pois 0%         N/A       93%         3
 Sticky Flame             Conj/Fire      0%         2d3       100%        4
 Ignition                 Fire           0%         3d3       100%        8


Dungeon Overview and Level Annotations

Branches:
Dungeon (7/15)             Temple (0/1) D:7

Altars:
Qazlal
Sif Muna
Vehumet
Zin
The Shining One

Shops:
D:3 *:[   D:7 ?

Annotations:
D:5 3 runed translucent doors, tonyyikes's ghost, novice AtTm
D:7 exclusion: 2 killer bees, Prince Ribbit


Innate Abilities, Weirdness & Mutations

You have razor-sharp teeth.
Your natural rate of healing is unusually fast.
When hurt, damage is shared between your health and your magic reserves.
Your bite disrupts and absorbs the magic of your enemies.
Potions cannot restore your health.


Message History

You hit the ice beast but do no damage.
The ice beast is severely wounded.
Prince Ribbit comes into view.
You hit the ice beast but do no damage.
The ice beast looks as sick as possible!
The ice beast is almost dead.
The ice beast hits you but does no damage.
A wight comes into view. It is wielding a +4 hand axe.
As you read the scroll labelled UGOSOO JUOSTRY, it crumbles to dust.
It is a scroll of amnesia.
You feel forgetful for a moment.
The ice beast hits you but does no damage.
As you read the scroll labelled BONYRU HEEH, it crumbles to dust.
You feel aware of your surroundings.
You sensed 1 altar.
It was a scroll of magic mapping.
You kill the ice beast!
Prince Ribbit blinks!
The wight hits you with a +4 hand axe!
Your life force feels restored.
You hit the wight. You punch the wight.
The wight is moderately damaged.
You hit the wight.
The wight is moderately damaged.
The wight barely misses you. The wight hits you with a +4 hand axe!
As you read the scroll labelled YXIRHU VUCIOP, it crumbles to dust.
It is a scroll of enchant armour.
Really abort (and waste the scroll)? [Y]es or [N]o only, please.
Really abort (and waste the scroll)?
Your +2 ring mail of fire resistance glows green for a moment.
The sentinel's mark upon you fades away.
A wight comes into view. It is wielding a +0 scimitar.
The wight hits you with a +3 long sword!
The wight hits you with a +4 hand axe.
As you read the scroll of teleportation, it crumbles to dust.
You feel strangely unstable. The wight hits you with a +4 hand axe.
* * * LOW HITPOINT WARNING * * *
The wight hits you with a +3 long sword!
* * * LOW HITPOINT WARNING * * *
You feel drained.
You die...

..#***** #.#,* #.....,* #.#####
#)#,* #......* ......# #.#,*
#.$...y# #.#...# #.#,* #....y.#*
#.#...#####.#,* *,,,,,,,*
....#.......#.#### *,,,,,,,*
##.##.#######....#********,,,,,,*
##....#.*####..#z#*,,,,,,*,,,,,,*
####..#.*#...,.#@#*,,,,,,*,,,,,,*
.,<#..#.##.##.##z#*,,,,,,+,,,,,,*
#*,##.#.......##h#*,,,,,,*,,,,,,*
.,.......#.#####F#*,,,,,,****,,,,
#,........z..Y.zc#***,,,,* *****
*,.....#...#######***,,,,*
*,.......#.#** *,,,,***
#..$.#...#..,* **,*,,*
.,...#..##.#.** *,,*,,* *


You could see Prince Ribbit, a black bear, a centaur and 3 wights.

Vanquished Creatures
  Joseph (D:7)
  A troll (D:6)
  2 water moccasins (D:6)
  An orc warrior (D:6)
  An ice beast (D:7)
  A sky beast (D:6)
  2 ogres
  A centaur (D:5)
  A phantom (D:6)
  2 bullfrogs (D:7)
  3 scorpions
  2 jellies
  2 quasits (D:6)
  A gnoll bouda (D:5)
  An orc priest (D:3)
  Jessica (D:2)
  An iguana (D:6)
  4 orc wizards
  6 adders
  3 gnolls (D:5)
  2 shadow imps
  6 white imps
  4 ufetubi
  2 dart slugs
  17 orcs
  5 endoplasms
  7 giant cockroaches
  5 goblins
  10 hobgoblins
  4 kobolds
  4 quokkas
  6 ball pythons
  10 bats
  2 frilled lizards (D:1)
  5 rats
126 creatures vanquished.

Notes
Turn   | Place    | Note
-------+----------+-------------------------------------------
     0 | D:1      | ragingrage the Vine Stalker Brigand began the quest for the
                  | Orb.
     0 | D:1      | Reached XP level 1. HP: 11/11 MP: 2/2
   182 | D:1      | Reached skill level 5 in Stealth
   182 | D:1      | Reached XP level 2. HP: 15/15 MP: 3/3
   786 | D:1      | Reached XP level 3. HP: 18/18 MP: 4/4
   976 | D:2      | You fall into a shaft and drop 2 floors!
   976 | D:4      | Found a shimmering blue altar of Sif Muna.
   995 | D:4      | Found a glowing golden altar of the Shining One.
  1095 | D:5      | Entered Level 5 of the Dungeon
  1416 | D:3      | Found Kasoq's Armour Boutique.
  1421 | D:3      | Gained mutation: Your natural rate of healing is unusually
                  | fast. [Vine Stalker growth]
  1421 | D:3      | Reached XP level 4. HP: 23/23 MP: 5/5
  1599 | D:2      | Noticed Jessica
  1608 | D:2      | Killed Jessica
  1827 | D:2      | Reached XP level 5. HP: 26/26 MP: 6/6
  2269 | D:3      | Found a faded altar of an unknown god.
  2278 | D:3      | Found a stormy altar of Qazlal.
  2304 | D:3      | Found a glowing silver altar of Zin.
  2529 | D:3      | Found Xiclu's Assorted Antiques.
  2538 | D:3      | Bought a scroll labelled LUOFATSU SOFOT for 22 gold pieces
  2538 | D:3      | Bought a scroll labelled ECHIFR IHAOF for 22 gold pieces
  2596 | D:3      | Found Tummuw's Book Boutique.
  2848 | D:4      | Noticed an ogre
  2852 | D:4      | Killed an ogre
  2853 | D:4      | Reached skill level 6 in Stealth
  2853 | D:4      | Reached XP level 6. HP: 30/30 MP: 7/7
  3652 | D:5      | Found a runed translucent gate.
  3658 | D:5      | Noticed tonyyikes's ghost (novice AtTm)
  3670 | D:5      | Found a runed translucent gate.
  3671 | D:5      | Found a runed translucent gate.
  3994 | D:5      | Reached XP level 7. HP: 34/34 MP: 8/8
  4010 | D:5      | Reached skill level 5 in Short Blades
  4631 | D:5      | Reached skill level 7 in Stealth
  5232 | D:6      | Found a radiant altar of Vehumet.
  5280 | D:6      | Gained mutation: You have razor-sharp teeth. [Vine Stalker
                  | growth]
  5280 | D:6      | Reached XP level 8. HP: 15/38 MP: 3/9
  5346 | D:6      | Reached skill level 8 in Stealth
  5463 | D:6      | Noticed a troll
  5473 | D:6      | Killed a troll
  5737 | D:6      | Reached skill level 9 in Stealth
  6213 | D:7      | Found Atuirghe's Magic Scroll Shop.
  6219 | D:7      | Bought a scroll of blinking for 97 gold pieces
  6219 | D:7      | Bought a scroll of poison for 52 gold pieces
  6250 | D:7      | Noticed Joseph
  6270 | D:7      | Killed Joseph
  6271 | D:7      | Reached XP level 9. HP: 22/42 MP: 10/10
  6370 | D:7      | Found a staircase to the Ecumenical Temple.
  6451 | D:7      | Noticed Prince Ribbit
  6458 | D:7      | Slain by a wight

Illustrated notes

Levels and vault maps discovered:
D:1:      matt_arrival_spirals, layout_loops_cross
D:2:      layout_basic, minmay_domino_4, uniq_jessica
D:3:      layout_rooms, mainiacjoe_overflow_alcove_4,
          nicolae_overflow_ecumenical_swirl, serial_shops, shop,
          nicolae_shop_hallway_plus, nicolae_shop_trees
D:4:      layout_loops_ring, tso_oasis_becter, mainiacjoe_overflow_alcove_1
D:5:      layout_loops_cross, gammafunk_ghost_split
D:6:      layout_basic, fiery_altar_vehumet, serial_demonic, serial_demonic_c,
          serial_demonic_a, serial_demonic_e, serial_demonic_d
D:7:      layout_basic, nicolae_hepliaklqana_monster_ancestors,
          minmay_temple_entry_slanted, serial_shops, nicolae_stop_n_shop_1,
          hangedman_decor_riveting, uniq_crazy_yiuf_cottage,
          uniq_prince_ribbit1, uniq_joseph

Skill      XL: |  1  2  3  4  5  6  7  8 |
---------------+-------------------------+-----
Short Blades   | 2 3 4 6 8 |  8.9
Stealth        | 5 6 7 9 |  9.9
Throwing       | 2 3 |  3.4
Fighting       | |  1.7
Dodging        | |  0.7

Action                   |  1- 3 |  4- 6 |  7- 9 || total
-------------------------+-------+-------+-------++-------
Melee: Dagger            |    96 |   162 |   321 ||   579
       Bite              |    27 |    45 |    94 ||   166
       Punch             |       |     2 |     8 ||    10
Throw: Dart              |       |     6 |    11 ||    17
  Use: Scroll            |       |     5 |    10 ||    15
 Stab: Sleeping          |     8 |    12 |     4 ||    24
       Distracted        |       |     3 |     1 ||     4
Armor: Robe              |    16 |    11 |       ||    27
       Ring mail         |       |    52 |   151 ||   203
Dodge: Dodged            |    55 |    69 |   176 ||   300

Table legend: (Time is in decaauts)
 A = Elapsed time spent in this place.
 B = Non-inter-level travel time spent in this place.
 C = Inter-level travel time spent in this place.
 D = Time resting spent in this place.
 E = Time spent auto-exploring this place.
 F = Levels seen in this place.
 G = Mean time per level.
                   A        B        C        D        E       F      G
               +--------+--------+--------+--------+--------+-----+--------+
         Total |   6305 |   5941 |    364 |    832 |   3632 |   7 |  900.7 |
       Dungeon |   6305 |   5941 |    364 |    832 |   3632 |   7 |  900.7 |
               +--------+--------+--------+--------+--------+-----+--------+

Top non-repeatable levels by time:
     D:5: 1616 daAuts
     D:6: 1171 daAuts
     D:4: 879 daAuts
     D:2: 879 daAuts
     D:1: 783 daAuts
     D:3: 750 daAuts
     D:7: 225 daAuts
